Map: Pylon LE

Players

Dactylogram - Winner!

  • Race: Protoss Protoss
  • League: Diamond
  • Spawn Location: 5:00

juantro

  • Race: Zerg Zerg
  • League: Diamond
  • Spawn Location: 11:00

VOD

Have the link to the VOD?

Description

Time

  • Played on: Nov. 9, 2025, 7:54 p.m.
  • Length: 5:56
Show
View Real Time Build Order
Export as new Build Order

Dactylogram Protoss - Winner!

Build Orders:  

Get SALT Encoding   

  1  0:00  Probe  
  12  0:05  Probe  
  14  0:14  Probe  
  15  0:34  Pylon  
  15  0:52  Gateway  
  15  0:54  Gateway  
  15  0:59  Gateway  
  15  1:02  Probe  
  16  1:10  Probe  
  16  1:12  Pylon  
  17  1:18  Probe  
  19  1:32  Probe  
  19  1:40  Zealot  
  19  1:42  Cybernetics Core  
  19  1:45  Zealot  
  23  1:57  Probe  
  23  1:59  Assimilator  
  23  2:01  Assimilator  
  24  2:09  Probe  
  25  2:18  Probe  
  26  2:26  Probe  
  26  2:28  Zealot  
  27  2:43  Zealot  
  29  2:45  Shield Battery  
  29  2:46  Probe  
  27  2:58  Probe  
  28  2:59  Stargate  
  28  3:02  Pylon  
  28  3:10  Probe  
  29  3:17  Shield Battery  
  29  3:22  Probe  
  30  3:36  Nexus  
  30  3:45  Void Ray  
  30  3:53  Probe  
  35  4:01  Shield Battery  
  35  4:05  Probe  
  36  4:12  Oracle  
  39  4:25  Pylon  
  39  4:37  Shield Battery  
  39  4:43  Probe  
  44  4:55  Probe  
  44  4:58  Void Ray  
  44  4:59  Assimilator  
  45  5:00  Stalker  
  45  5:02  Stalker  
  49  5:08  Probe x2  
  51  5:20  Probe  
Show
View Real Time Build Order
Export as new Build Order

juantro Zerg 

Build Orders: Hatch First 

Get SALT Encoding   

  12  0:01  Drone  
  13  0:13  Overlord  
  14  0:21  Drone  
  14  0:23  Extractor  
  14  0:25  Drone  
  15  0:32  Drone  
  16  0:49  Hatchery  
  15  0:55  Extractor  
  14  1:08  Spawning Pool  
  13  1:20  Drone x3  
  17  1:56  Spine Crawler  
  17  1:57  Zergling x6  
  19  2:06  Queen  
  21  2:10  Spine Crawler  
  21  2:14  Evolution Chamber  
  17  2:26  Zergling x4  
  16  2:48  Spine Crawler  
  15  2:59  Evolution Chamber  
  15  3:02  Drone x3  
  17  3:09  Lair  
  17  3:26  Roach Warren  
  16  3:28  Drone  
  16  3:29  Drone  
  18  3:37  Drone  
  19  3:51  Extractor  
  19  3:52  Drone  
  19  4:11  Nydus Network  
  19  4:15  Queen  
  19  4:17  Spore Crawler  
  19  4:23  Spore Crawler  
  19  4:32  Spore Crawler  
  18  4:40  Roach  
  18  4:41  Roach  
  22  5:06  Nydus Canal  
  22  5:13  Overlord  
  18  5:38  Spine Crawler  
Tags
 
Matchup
PvZ
Spawn Locations
Cross Positions
Add a new tag
Caveats
  • Supply blocks, unpowered buildings, or Contaminate may cause inaccurate times.
  • Supply counts are checked every 10 seconds.